 BcadrenCrawl: Boulder Brew version 0.05.31-22-geda828027a (webtiles) character file.

Game seed: 12218163407592348964, levelgen mode: deterministic

21945 BR41ND34D the Necromancer (level 12, -17/100 HPs) Blood Draconian Mummy. Began on Oct 1, 2021. Was the Champion of Bahamut & Tiamat. Demolished by a skeletal warrior ... wielding a cursed +0 halberd {(Curse: MR-)} (20 damage) ... while paralysed ... on level 7 of the Dungeon. The game lasted 01:55:06 (10194 turns).

BR41ND34D the Necromancer (Blood Draconian Mummy)  Turns: 10194, Time: 01:55:07

Health: -17/100    AC: 35    Str: 18    XL:     12 ^: 6683
Magic:  30/39      EV:  2    Int: 27    God:    Bahamut & Tiamat [6* [163]]
Gold:   752        SH:  0    Dex:  6    Spells: 38/60 levels left

rFire    + . .     Vision   .   s - +2 scythe (molten)
rCold    + . .     Gourm    .   (also wielding the above weapon)
rNeg     + + +     Faith    .   (armour unavailable)
rCorr    . . .     Spirit   .   (helmet restricted)
rPois    ∞         Reflect  .   (no cloak)
rElec    .         Harm     .   l - +2 pair of gloves {wield}
MR       .....                  (no boots)
Stlth    ++........             (no amulet)
HPRegen  0.43/turn              b - ring of protection
MPRegen  0.49/turn              h - ring "Ippuw" {rF+ MP+9 Str+4 Int+2}

@: petrified, hasted
A: cold resistance 1, deformed body 2, negative energy resistance 3, torment
resistance, unbreathing, in touch with death 1, boosted crossbows aptitude,
boosted stealth aptitude, necromancy, hexes and air enhancers 1, rTorm,
rHellfire, ancient wisdom, AC +9
a: Breathe Vampiric Fog, Enhanced Breath, Summon Drakes, Brand Weapon with
Dragonslaying, Receive Book of the Dragon, Renounce Religion


You were on level 7 of the Dungeon.
You worshipped Bahamut & Tiamat.
Bahamut & Tiamat was exalted by your worship.
You were not hungry.

You visited 3 branches of the dungeon, and saw 9 of its levels.

You collected 752 gold pieces.

Inventory:

Weapons
 s - a +2 scythe of molten steel (weapon)
Armour
 l - a +2 pair of gloves of wielding (worn)
Magical Staves
 K - a +1 staff of fire
Jewellery
 b - a ring of protection (left hand)
 h - the ring "Ippuw" (right hand) {rF+ MP+9 Str+4 Int+2}
   (You acquired it on level 7 of the Dungeon)

   [ring of magical power]

   It affects your strength (+4).
   It affects your intelligence (+2).
   It protects you from fire.
   It affects your magic capacity (+9).
 q - an uncursed amulet of guardian spirit
Wands
 a - a wand of iceblast (2)
 c - a wand of flame (1)
 i - a wand of clouds (1)
 m - a wand of polymorph (1)
 O - a wand of enslavement (5)
Scrolls
 f - 2 scrolls of silence
 p - a scroll of bless item
 r - 2 scrolls of magic mapping
 t - 8 scrolls of enchantment
 x - 2 scrolls of blinking
 y - a scroll of summoning
 B - 2 scrolls of immolation
 C - a scroll of teleportation
Miscellaneous
 D - a lamp of fire
 L - a lantern of shadows


   Skills:
 + Level 7.2 Fighting
 + Level 5.4 Maces & Staves
 + Level 5.8 Dodging
 - Level 2.7 Stealth
 - Level 5.0 Unarmed Combat
 * Level 14.5 Spellcasting
 * Level 15.8 Necromancy
 + Level 1.6 Air Magic
 - Level 5.0 Invocations


You had 38 spell levels left.
You knew the following spells:

 Your Spells              Type           Power        Failure   Level  Hunger
a - Pain                  Hex/Necr       25 (25)      1%          1    N/A
b - Vampiric Draining     Necr           125 (200)    0%          3    N/A
c - Regeneration          Chrm/Necr      96 (200)     1%          3    N/A
d - Mephitic Cloud        Pois/Air       36 (100)     6%          3    N/A
e - Airstrike             Air            43 (200)     14%         4    N/A
f - Static Discharge      Air            43 (100)     4%          3    N/A
g - Lightning Bolt        Air            43 (200)     36%         5    N/A

Your spell library contained the following spells:

 Spells                   Type           Power        Failure   Level  Hunger
 Shock                    Air            25 (25)      1%          1    N/A
 Corpse Rot               Tmut/Necr      N/A          1%          2    N/A
 Pryten's Skeletal Upris  Chrm/Necr      96 (200)     1%          3    N/A
 Animate Dead             Necr           N/A          1%          4    N/A
 Flame Tongue             Fire           19 (30)      2%          1    N/A
 Foxfire                  Fire           19 (25)      2%          1    N/A
 Magic Candle             Hex/Fire       29 (90)      2%          1    N/A
 Slow                     Hex            29 (100)     2%          1    N/A
 Swiftness                Chrm/Air       36 (100)     3%          2    N/A
 Blink                    Tloc           N/A          4%          2    N/A
 Call Imp                 Summ           19 (100)     4%          2    N/A
 Projected Noise          Hex/Tloc       29 (100)     4%          2    N/A
 Conjure Flame            Fire           19 (100)     9%          3    N/A
 Ignite Poison            Fire/Tmut      19 (100)     9%          3    N/A
 Petrify                  Tmut/Erth      19 (100)     26%         4    N/A
 Irradiate                Tmut/Pois      19 (200)     58%         5    N/A
 Eringya's Noxious Bog    Tmut/Pois      19 (200)     99%         6    N/A
 Sublimation of Blood     Necr           Unusable     N/A         2    N/A
 Statue Form              Tmut/Erth      Unusable     N/A         6    N/A

Dungeon Overview and Level Annotations

Branches:
Dungeon (7/8)              Temple (1/1) D:4            Lair (0/6) D:5
    Orc (1/2) D:6
 Vaults: D:7

Altars:
Ashenzari Bahamut & Tiamat
Cheibriados
Dithmenos
Elyvilon
Fedhas Madash
Hepliaklqana
Kikubaaqudgha
Makhleb
Nemelex Xobeh
Okawaru
Qazlal
Ru
Sif Muna
Trog
Uskayaw
Wu Jian
Xom
Yredelemnul
The Shining One

Annotations:
D:3 2 transporters, t4s4d4r's ghost, novice OpDs
D:5 3 runed translucent doors, Tenar's ghost, novice BaDs


Innate Abilities, Weirdness & Mutations

Your gory crimson scales are resilient. (AC +9)
Your connection to dragons allows you to use the spell dragon form, despite your undead form not otherwise being capable of transmutation.
You can breathe clouds of vampiric fog.
You are immune to poison.
You are cold resistant. (rC+)
You cannot wear any armour on your peculiar form.
You are immune to negative energy. (rN+++)
You are immune to unholy pain and torment.
You can survive without breathing.
You are in touch with the powers of death.
You are naturally skilled at Crossbows (Aptitude +3).
You are naturally skilled at Stealth (Aptitude +3).
You are in touch with the powers of death, curses and the sky.
Your gory crimson scales grant partial resistance to hellfire and unholy torment. (rTorm, rHellfire)
You can memorise 50% more levels worth of spells.
You gain random stats at level up more slowly, but gain an extra +1 intelligence each time.


Message History

* * * LOW HITPOINT WARNING * * *
Tiamat extends your haste.
You are shocked (3).
* * * LOW HITPOINT WARNING * * *
The orc knight hits you but does no damage.
You are shocked (6).
* * * LOW HITPOINT WARNING * * *
The basilisk bites you but does no damage.
The orc knight hits you but does no damage.
You are shocked (3).
* * * LOW HITPOINT WARNING * * *
The basilisk gazes at you.
The skeletal warrior hits you but does no damage.
The orc knight hits you with a cursed +1 battleaxe of electrocution {(Curse: *Rage Fragile)} (8)!
* * * LOW HITPOINT WARNING * * *
You are shocked (5).
* * * LOW HITPOINT WARNING * * *
The basilisk bites you but does no damage.
The skeletal warrior hits you from afar with a cursed +0 halberd {(Curse: MR-)} (20)!!
You die...

................z.....#####
...........................+
####.#.#################.#)####
.......# #.#.## ..P..!.#
######## #.#..##### ..._...#
#......# #.#....... #.....##
#......# #.#....... #.....#
#......# #.#....... ####.##
#...l@.# #.#z...... #'# #....†o#
#.#....... #..†[%.#
#..z...######.#.......
#....z.'..'......+..............
#......####......#######...#..##
#................# #...##.#
#............##### #...# .#
#............ #...# .
#.......... #...# #


You could see an orc knight, a skeletal warrior and a basilisk.

Vanquished Creatures
  Urug (D:6)
  3 unseen horrors
  4 two-headed ogres
  An orc knight (D:7)
  A deep elf mage (D:5)
  A gargoyle (D:6)
  Maurice (D:4)
  2 ugly things (D:6)
  A smoke demon (Orc:1)
  3 trolls
  A polar bear (D:7)
  3 hippogriffs
  Sigmund (D:2)
  2 cyclopes
  A spriggan (D:4)
  2 wyverns
  4 yaks (D:5)
  4 basilisks (D:5)
  An acid dragon (D:7)
  2 phantoms
  7 scorpions
  A water moccasin (D:5)
  9 orc warriors
  4 porcupines
  An eye of draining (D:6)
  2 ice beasts
  2 sky beasts (D:5)
  2 black bears (D:5)
  Ijyb (D:2)
  4 ogres
  2 wolves (D:5)
  A boggart (D:7)
  2 crocodiles
  6 big kobolds
  9 bullfrogs
  2 centaurs
  2 howler monkeys
  6 killer bees (D:5)
  A vampire bat (D:2)
  10 orc priests
  2 hounds (D:3)
  12 jellies
  3 iguanas
  9 orc wizards
  11 worker ants
  5 big kobold zombies (D:2)
  A wyvern skeleton (D:4)
  7 giant cockroaches
  A bullfrog zombie (D:4)
  5 bullfrog skeletons
  Robin (D:2)
  2 shadow imps (D:2)
  12 adders
  4 gnolls (D:2)
  22 sewer rats (D:2)
  8 cinder newts
  An ufetubus (D:2)
  An ooze (D:2)
  2 dart slugs
  7 leopard geckos
  19 orcs
  3 adder skeletons (D:2)
  An adder zombie (D:5)
  A cinder newt skeleton (D:2)
  A gnoll skeleton (D:2)
  10 goblins
  5 hobgoblins
  6 jackals
  2 quokkas
  A ball python skeleton (D:2)
  7 bats
  A bat skeleton (D:2)
  A goblin skeleton (D:2)
  15 kobolds
  A kobold skeleton (D:2)
  A leopard gecko skeleton (D:2)
  5 rats
  A rat skeleton (D:2)
  3 bushes (D:5)
  A fungus (D:5)
  8 plants (D:5)
  84 withered plants (D:2)
406 creatures vanquished.

Vanquished Creatures (collateral kills)
  An unseen horror (D:5)
  A hydra (D:6)
  2 two-headed ogres
  A centaur warrior (D:5)
  An ugly thing (D:6)
  A kobold demonologist (D:5)
  A troll (D:5)
  A wind drake (shapeshifter) (D:6)
  2 wraiths
  Grinder (D:2)
  A slime creature (D:6)
  A vampire mosquito (D:6)
  A wolf spider zombie (D:6)
  A warg (Orc:1)
  3 necrophages
  2 orc warriors (D:6)
  A sky beast (D:6)
  A black bear (D:5)
  A bullfrog (D:5)
  2 orc priests
  An orc wizard (D:5)
  An iguana (D:5)
  A leopard gecko (D:5)
  4 orcs
33 creatures vanquished.

Vanquished Creatures (others)
  A jelly (D:2)
  3 bushes
  2 plants (D:5)
  89 withered plants (D:2)
95 creatures vanquished.

Grand Total: 534 creatures vanquished

Notes
Turn   | Place    | Note
-------+----------+-------------------------------------------
     0 | D:1      | BR41ND34D the Draconian Mummy began the quest for the Orb.
     0 | D:1      | Reached XP level 1. HP: 14/14 MP: 4/4
   358 | D:1      | Reached XP level 2. HP: 20/20 MP: 5/5
   451 | D:1      | Reached skill level 3 in Necromancy
   451 | D:1      | Reached XP level 3. HP: 27/27 MP: 7/7
   732 | D:2      | Reached skill level 1 in Fighting
   763 | D:2      | Reached XP level 4. HP: 23/35 MP: 0/9
  1213 | D:2      | Learned a level 3 spell: Vampiric Draining
  1227 | D:2      | Reached XP level 5. HP: 40/40 MP: 3/11
  1229 | D:2      | Noticed Robin
  1259 | D:2      | Killed Robin
  1536 | D:2      | Reached skill level 1 in Unarmed Combat
  1627 | D:2      | Reached skill level 4 in Necromancy
  1627 | D:2      | Reached XP level 6. HP: 3/48 MP: 0/13
  1786 | D:2      | Reached skill level 5 in Spellcasting
  1813 | D:2      | Found an ornate altar of Bahamut and Tiamat.
  1838 | D:2      | Became a worshipper of Bahamut & Tiamat
  1948 | D:2      | Noticed Ijyb
  1977 | D:2      | Killed Ijyb
  1977 | D:2      | Gained mutation: Your insubstantial form boosts your
                  | evasion and grants immunity to sticky flames, nets and
                  | constriction. [draconic bloodline]
  1977 | D:2      | Reached XP level 7. HP: 52/55 MP: 0/15
  1977 | D:2      | Gained mutation: Your gory crimson scales grant partial
                  | resistance to hellfire and unholy torment. (rTorm,
                  | rHellfire) [Turquoise Draconian growth]
  1977 | D:2      | Gained mutation: You are in touch with the powers of death,
                  | curses and the sky. [Turquoise Draconian growth]
  2087 | D:2      | Found a sparkling altar of Nemelex Xobeh.
  2142 | D:2      | Reached * piety under Bahamut & Tiamat
  2244 | D:2      | Reached skill level 5 in Necromancy
  2990 | D:2      | Found a burning altar of Makhleb.
  2992 | D:2      | Reached ** piety under Bahamut & Tiamat
  2995 | D:2      | Reached XP level 8. HP: 51/62 MP: 12/18
  3043 | D:2      | Noticed Grinder
  3090 | D:2      | Killed Grinder
  3090 | D:2      | Reached skill level 6 in Necromancy
  3162 | D:2      | Learned a level 3 spell: Regeneration
  3172 | D:2      | Noticed Sigmund
  3182 | D:2      | Killed Sigmund
  3629 | D:3      | Found a hide-covered altar of Uskayaw.
  3629 | D:3      | Noticed a hatchet
  3629 | D:3      | Noticed a hatchet
  4161 | D:3      | Found a transporter.
  4165 | D:3      | Reached *** piety under Bahamut & Tiamat
  4192 | D:3      | Noticed t4s4d4r's ghost (novice OpDs)
  4193 | D:3      | Found a transporter.
  4308 | D:4      | Reached XP level 9. HP: 49/71 MP: 6/21
  4424 | D:4      | Reached skill level 1 in Invocations
  4455 | D:4      | Found a staircase to the Ecumenical Temple.
  4533 | D:4      | Reached skill level 7 in Necromancy
  4956 | D:4      | Reached **** piety under Bahamut & Tiamat
  4978 | D:4      | Found a white marble altar of Elyvilon.
  5148 | D:4      | Noticed Maurice
  5159 | D:4      | Killed Maurice
  5437 | D:4      | Reached skill level 10 in Spellcasting
  5693 | D:5      | Connectivity tunneler affected minivault_12.
  5693 | D:5      | Entered Level 5 of the Dungeon
  5738 | Temple   | Entered the Ecumenical Temple
  5973 | D:5      | Reached skill level 8 in Necromancy
  6020 | D:5      | Found a shattered altar of Ashenzari.
  6103 | D:5      | Noticed a centaur warrior
  6105 | D:5      | Noticed a kobold demonologist
  6105 | D:5      | Noticed a deep elf mage
  6140 | D:5      | Gained mutation: You are naturally skilled at Crossbows
                  | (Aptitude +3). [draconic bloodline]
  6140 | D:5      | Reached XP level 10. HP: 77/80 MP: 22/24
  6169 | D:5      | Killed a deep elf mage
  6242 | D:5      | Found a staircase to the Lair.
  6310 | D:5      | Noticed a rust devil
  6310 | D:5      | Reached skill level 5 in Fighting
  6499 | D:5      | Reached skill level 9 in Necromancy
  6508 | D:5      | Reached skill level 5 in Invocations
  6547 | D:5      | Noticed a two-headed ogre
  6553 | D:5      | Killed a two-headed ogre
  6627 | D:5      | Reached XP level 11. HP: 85/88 MP: 19/26
  6685 | D:5      | Noticed a two-headed ogre
  6692 | D:5      | Killed a two-headed ogre
  6747 | D:5      | Reached ***** piety under Bahamut & Tiamat
  6749 | D:5      | Found an ornate altar of the Wu Jian Council.
  6812 | D:5      | Found a runed translucent gate.
  6812 | D:5      | Found a runed translucent gate.
  6812 | D:5      | Found a runed translucent gate.
  6816 | D:5      | Noticed Tenar's ghost (novice BaDs)
  7009 | D:5      | Reached skill level 5 in Dodging
  7035 | D:5      | Identified the +4 iron troll leather "Ucockela" {*Drain
                  | rN+++ Regen+ Str+4 Stlth+}
  7195 | D:5      | Identified Nauph's Compendium of Flames
  7315 | D:5      | Reached skill level 10 in Necromancy
  7718 | D:5      | Killed an unseen horror
  7859 | D:6      | Identified a scroll of acquirement
  8046 | D:6      | Identified the ring of Gluttony {-Vis MR+ MP+9 Str+7}
  8148 | D:6      | Learned a level 3 spell: Mephitic Cloud
  8157 | D:6      | Noticed an eight-headed hydra
  8203 | D:6      | Killed a seven-headed hydra
  8576 | D:6      | Killed an unseen horror
  8735 | D:6      | Found a staircase to the Orcish Mines.
  8797 | D:6      | Noticed a two-headed ogre
  8803 | D:6      | Reached skill level 5 in Unarmed Combat
  8804 | D:6      | Killed a two-headed ogre
  8804 | D:6      | Gained mutation: You are naturally skilled at Stealth
                  | (Aptitude +3). [draconic bloodline]
  8804 | D:6      | Reached XP level 12. HP: 75/97 MP: 25/29
  8842 | D:6      | Reached skill level 5 in Maces & Staves
  8843 | D:6      | Reached skill level 11 in Necromancy
  9164 | D:6      | Noticed Urug
  9194 | D:6      | Killed Urug
  9424 | Orc:1    | Entered Level 1 of the Orcish Mines
  9496 | Orc:1    | Noticed a stone giant
  9497 | Orc:1    | Reached ****** piety under Bahamut & Tiamat
  9536 | D:6      | Your scales start taking on a gory crimson colour.
  9536 | D:6      | Reached skill level 15 in Necromancy
  9536 | D:6      | Reached XP level 12. HP: 84/100 MP: 30/30
  9609 | D:7      | Identified the ring "Ippuw" {rF+ MP+9 Str+4 Int+2} (You
                  | acquired it on level 7 of the Dungeon)
  9609 | D:7      | Identified the +8 flail of the Volcano {elec, rF+} (You
                  | acquired it on level 7 of the Dungeon)
  9676 | D:7      | Reached skill level 1 in Air Magic
  9782 | D:6      | Learned a level 4 spell: Airstrike
  9786 | D:6      | Learned a level 3 spell: Static Discharge
  9792 | D:6      | Learned a level 5 spell: Lightning Bolt
 10157 | D:7      | Found a bloodstained altar of Trog.
 10193 | D:7      | HP: 3/100 [orc knight/cursed +1 battleaxe of electrocution
                  | {(Curse: *Rage Fragile)} (5)]
 10194 | D:7      | Demolished by a skeletal warrior

Levels and vault maps discovered:
D:1:      dpeg_arrival_arbitrary_c, layout_loops_cross, hangedman_decor_growths
D:2:      layout_sewer, lemuel_crystal_altar, kennysheep_little_box,
          kennysheep_sewer_church, uniq_robin, uniq_ijyb
D:3:      layout_basic, dancing_weapons_uskayaw, first_ration,
          gammafunk_ghost_arena
D:4:      layout_loops_corners, overflow_temple_1_default,
          minmay_temple_entry_from_below_b, the_bakery, uniq_maurice
D:5:      layout_irregular_city, marbit_many_paths, ashenzari_altar_1,
          minmay_lair_entry_grove, gammafunk_ghost_split, minivault_12
D:6:      layout_roguey, david_orc_4, uniq_urug
D:7:      layout_basic, trog_ov_bears_minmay, david_vaults_4,
          minmay_misc_feat_square
Temple:   minmay_temple_bridge_abc
Orc:1:    layout_caves

Skill      XL: |  1  2  3  4  5  6  7  8  9 10 11 12 |
---------------+-------------------------------------+-----
Spellcasting   | 3 4 5 6 8 10 11 13 14 | 14.5
Necromancy     | 3 4 5 6 8 9 10 15 | 15.8
Fighting       | 1 2 3 4 5 6 7 |  7.2
Unarmed Combat | 1 2 3 4 5 |  5.0
Maces & Staves | 2 3 4 5 |  5.4
Stealth        | 2 |  2.7
Dodging        | 3 4 5 |  5.8
Invocations    | 3 5 |  5.0
Air Magic      | 1 |  1.6

Action                   |  1- 3 |  4- 6 |  7- 9 | 10-12 || total
-------------------------+-------+-------+-------+-------++-------
Melee: Mace              |    68 |   159 |   172 |       ||   399
       Unarmed           |    59 |   135 |   145 |       ||   339
       Peck              |     2 |     8 |    18 |     4 ||    32
       Scythe            |       |       |   156 |   183 ||   339
 Cast: Pain              |    27 |   100 |   182 |   227 ||   536
       Vampiric Draining |       |     6 |    10 |    69 ||    85
       Regeneration      |       |       |     1 |     4 ||     5
       Mephitic Cloud    |       |       |       |     3 ||     3
Invok: Choose Tiamat's R |       |     1 |       |       ||     1
       Enhanced Breath   |       |       |     1 |     2 ||     3
       Choose Bahamut's  |       |       |     1 |       ||     1
       Choose Tiamat's S |       |       |     1 |       ||     1
       Choose Bahamut's  |       |       |       |     1 ||     1
 Abil: Breathe Spectral  |       |       |    14 |    35 ||    49
       Breathe Vampiric  |       |       |       |     3 ||     3
Evoke: Wand              |       |       |     1 |       ||     1
  Use: Scroll            |       |       |       |     6 ||     6
 Stab: Distracted        |       |       |     1 |       ||     1
Armor: Skin              |    28 |    61 |   138 |   173 ||   400
Dodge: Dodged            |    65 |   165 |   279 |   218 ||   727
